 Dungeon Crawl Stone Soup version 0.24.0-13-gcf9b319 (webtiles) character file.

Game seed: 8081436621601541715, levelgen mode: deterministic

50 Balder the Skirmisher (level 3, 0/33 HPs)
             Began as a Hill Orc Fighter on May 8, 2020.
             Succumbed to an adder's poison
             ... on level 2 of the Dungeon.
             The game lasted 00:04:24 (761 turns).

Balder the Skirmisher (Hill Orc Fighter)             Turns: 761, Time: 00:04:25

Health: 0/33       AC:  6    Str: 23    XL:     3   Next: 79%
Magic:  3/3        EV:  7    Int:  8    God:
Gold:   57         SH:  9    Dex: 11    Spells: 2/2 levels left

rFire    . . .     SeeInvis .   a - +0 war axe
rCold    . . .     Gourm    .   c - +0 shield
rNeg     . . .     Faith    .   b - +0 scale mail
rPois    .         Spirit   .   (helmet restricted)
rElec    .         Reflect  .   (no cloak)
rCorr    .         Harm     .   (no gloves)
MR       .....                  (no boots)
Stlth    ..........             (no amulet)
HPRegen  0.11/turn              (no ring)
MPRegen  0.08/turn              (no ring)

@: mighty, lethally poisoned (0 -> -5), very slightly contaminated, invisible
A: horns 1, blink, deterioration 1
a: Blink


You were on level 2 of the Dungeon.
You were not hungry.

You visited 1 branch of the dungeon, and saw 2 of its levels.

You collected 57 gold pieces.

Inventory:

Hand Weapons
 a - a +0 war axe (weapon)
Armour
 b - a +0 scale mail (worn)
 c - a +0 shield (worn)
 k - a cursed +0 pair of boots
Scrolls
 e - a scroll of remove curse {unknown}
 i - a scroll of teleportation {unknown}
 l - a scroll of fog {unknown}
Comestibles
 f - 4 rations
 g - 2 chunks of flesh


   Skills:
 * Level 4.1 Fighting
 * Level 3.7 Axes
 * Level 0.3 Throwing
 + Level 3.3 Armour
 + Level 0.1 Dodging
 * Level 1.1 Stealth
 + Level 3.4 Shields


You had 2 spell levels left.
You didn't know any spells.
Your spell library was empty.

Dungeon Overview and Level Annotations

Branches:
Dungeon (2/15)

Altars:


Innate Abilities, Weirdness & Mutations

You have a pair of small horns on your head.
You can translocate small distances at will.
Your body sometimes deteriorates upon taking damage.


Message History

It was a potion of mutation.
You feel extremely strange.
You feel jittery.
You feel yourself wasting away. A pair of horns grows on your head!
It was a potion of invisibility.
You fade into invisibility!
* * * LOW HITPOINT WARNING * * *
You feel sick.
You are very lightly contaminated with residual magic.
* * * LOW HITPOINT WARNING * * *
You feel sick.
* * * LOW HITPOINT WARNING * * *
You feel sick.
* * * LOW HITPOINT WARNING * * *
You feel sick.
* * * LOW HITPOINT WARNING * * *
You feel sick.
* * * LOW HITPOINT WARNING * * *
You feel sick.
You feel very mighty all of a sudden.
You die...

#.## ...... .... #.#...
#..# #.#.#.## ##..#
#.#.#... .... #.#.#..#
#..# #.#.#..# #..#
##########.#.##.#####..#
.......@.)..............
##########.####..####..#
#.##...........
#.##...........
#.##.#.#.##...#
#S.............
#.##.#.##......
.......##.....#
.........


There were no monsters in sight!

Vanquished Creatures
  An adder (D:2)
  A dart slug (D:1)
  A leopard gecko (D:1)
  4 bats
  2 giant cockroaches
  A goblin (D:1)
  A hobgoblin (D:1)
  11 jackals (D:1)
  A quokka (D:2)
  2 frilled lizards (D:1)
  4 kobolds (D:1)
  6 rats (D:1)
35 creatures vanquished.

Notes
Turn   | Place    | Note
-------+----------+-------------------------------------------
     0 | D:1      | Balder the Hill Orc Fighter began the quest for the Orb.
     0 | D:1      | Reached XP level 1. HP: 19/19 MP: 1/1
   107 | D:1      | Reached XP level 2. HP: 26/27 MP: 2/2
   118 | D:1      | Reached skill level 4 in Fighting
   309 | D:1      | Reached XP level 3. HP: 30/33 MP: 3/3
   390 | D:1      | Reached skill level 1 in Stealth
   750 | D:2      | Gained mutation: You can translocate small distances at
                  | will. [potion of mutation]
   750 | D:2      | Gained mutation: Your body sometimes deteriorates upon
                  | taking damage. [potion of mutation]
   750 | D:2      | Gained mutation: You have a pair of small horns on your
                  | head. [potion of mutation]
   758 | D:2      | HP: 1/33 [poisoned by an adder]
   761 | D:2      | Succumbed to an adder's poison

Levels and vault maps discovered:
D:1:      minmay_arrival_checkered_box, layout_rooms,
          chequers_serial_rivers_small_3
D:2:      layout_basic, amethyst_overflow_temple_binary, chequers_jeans,
          kennysheep_nub

Skill      XL: |  1  2  3 |
---------------+----------+-----
Fighting       | 4 |  4.1
Axes           | 3 |  3.7
Stealth        | 1 |  1.1
Throwing       | |  0.3
Armour         | |  3.3
Dodging        | |  0.1
Shields        | |  3.4

Action                   || total
-------------------------++-------
Melee: War axe           ||   138
  Use: Potion            ||     3
Armor: Scale mail        ||    74
Dodge: Dodged            ||    50
Block: Shield            ||    77
